 Dungeon Crawl Stone Soup version 0.30-a0-883-g5ad918d77d (webtiles) character file.

Game seed: 7836454827872134675

255 lessens the Cutter (level 6, -7/30 HPs)
             Began as a Vine Stalker Brigand on Mar 17, 2023.
             Mangled by an ogre
             ... wielding a +0 giant spiked club
              (27 damage)
             ... on level 4 of the Dungeon.
             The game lasted 00:05:17 (2776 turns).

lessens the Cutter (Vine Stalker Brigand)           Turns: 2776, Time: 00:05:17

Health: -7/30      AC:  5    Str: 13    XL:     6   Next: 15%
Magic:  0/7        EV: 11    Int: 11    God:
Gold:   156        SH:  0    Dex: 18    Spells: 5/5 levels left

rFire   . . .      SeeInvis .    a - +2 dagger
rCold   . . .      Faith    .    (no shield)
rNeg    . . .      Spirit   +    b - +0 robe
rPois   .          Reflect  .    y - +2 hat {Will+}
rElec   .          Rampage  .    c - +0 cloak
rCorr   .                        (no gloves)
Will    +....                    (no boots)
Stlth   +++                      (no amulet)
HPRegen 1.05/turn                (no ring)
MPRegen 0.10/turn                (no ring)

@: no status effects
A: fangs 2, regeneration 1, magic shield, antimagic bite, no potion heal 2
a: no special abilities


You were on level 4 of the Dungeon.
You visited 1 branch of the dungeon, and saw 4 of its levels.

You collected 156 gold pieces.

Inventory:

Hand Weapons
 a - a +2 dagger (weapon)
Missiles
 d - 9 poisoned darts
 e - 2 curare-tipped darts (quivered)
 g - 2 throwing nets
 j - 28 stones
 A - 3 javelins
Armour
 b - a +0 robe (worn)
 c - a +0 cloak (worn)
 s - a +0 hat
 x - a +0 ring mail
 y - a +2 hat of willpower (worn)
Jewellery
 D - a ring of ice
Wands
 v - a wand of iceblast (3)
 B - a wand of mindburst (11)
Scrolls
 h - 2 scrolls of identify {unknown}
 k - 2 scrolls of teleportation {unknown}
 n - a scroll of noise {unknown}
 o - 2 scrolls of brand weapon {unknown}
 p - 2 scrolls of poison {unknown}
 r - a scroll of enchant weapon {unknown}
 u - a scroll of amnesia {unknown}
 w - a scroll of blinking
 C - a scroll of immolation {unknown}
Potions
 f - a potion of might {unknown}
 i - 2 potions of degeneration
 l - 2 potions of curing
 m - 2 potions of invisibility {unknown}
 q - 2 potions of haste {unknown}
 t - a potion of ambrosia {unknown}
 z - a potion of mutation {unknown}
 E - a potion of heal wounds {unknown}


   Skills:
 - Level 1.7 Fighting
 + Level 5.7 Short Blades
 - Level 1.7 Throwing
 - Level 0.7 Dodging
 - Level 4.8 Stealth


You had 5 spell levels left.
You didn't know any spells.
Your spell library contained the following spells:

 Spells                   Type           Power      Damage    Failure   Level
 Inner Flame              Hex/Fire       0%         N/A       71%         3
 Cause Fear               Hex            0%         N/A       98%         4
 Discord                  Hex            0%         N/A       100%        8
 Chain Lightning          Conj/Air       0%         N/A       100%        9
 Fire Storm               Conj/Fire      0%         5d1       100%        9
 Shatter                  Erth           0%         3d5*      100%        9


Dungeon Overview and Level Annotations

Branches:
Dungeon (4/15) Zot: 21270
 Temple: D:4-7

Altars:
Ru

Annotations:
D:4 1 transporter


Innate Abilities, Weirdness & Mutations

You have extremely sharp teeth.
Your natural rate of healing is unusually fast.
When hurt, damage is shared between your health and your magic reserves.
Your bite disrupts and absorbs the magic of your enemies.
Potions cannot restore your health.


Message History

You hit the ball python.
You kill the ball python!
There is an open door here.
Found 15 gold pieces.
D - a ring of ice
Okay, then.
You now have 143 gold pieces (gained 15).
There is a transporter landing site here.
Found a mace.
You now have 156 gold pieces (gained 13).
E - an orange potion An ogre comes into view.
It is wielding a +0 giant spiked club.
The ogre shouts!
A hound comes into view.
Found an escape hatch in the floor.
Throw: 3 darts (curare)
Press: ? - help, Q - select action, (/) - cycle Shift-Dir - straight line, f - ogre
Aim: an ogre, wielding a +0 giant spiked club (75% to hit)
You throw a curare-tipped dart. The curare-tipped dart hits the ogre.
The ogre is poisoned.
The ogre convulses.
The ogre seems to slow down.
The ogre is moderately wounded.
The hound barks!
You hit the ogre. Your bite misses the ogre.
The ogre is moderately wounded.
The ogre hits you with a +0 giant spiked club!
You hit the ogre. You bite the ogre. You drain its power.
You feel invigorated.
The ogre is heavily wounded.
The hound bites you.
You hit the ogre. You punch the ogre, but do no damage.
Your bite misses the ogre.
The ogre is heavily wounded.
The hound bites you but does no damage.
You hit the ogre but do no damage. Your bite misses the ogre.
The ogre is heavily wounded.
The hound closely misses you.
A giant cockroach comes into view.
The ogre hits you with a +0 giant spiked club!!
Ouch! That really hurt!
You die...

............. .............
B##############.#.......
................#......#
....................#...
...............#....#>#.
...............#....#.#.
......h........#....#'#.
.>....O@.......#.......#
...............##......'
......)....^...........#
.................#.......#
...................#######
.........................
..........................
......................####.
....................####..#


You could see an ogre (very poisoned, slow), a hound and a giant cockroach
(wandering).

Vanquished Creatures
  A scorpion (D:4)
  Ijyb (D:3)
  4 gnolls
  6 adders
  A worm (D:2)
  A dart slug (D:3)
  7 ball pythons
  5 endoplasms
  2 giant cockroaches
  6 goblins (D:1)
  11 hobgoblins
  8 jackals
  2 kobolds
  2 quokkas
  8 bats
  3 frilled lizards
  3 rats
71 creatures vanquished.

Notes
Turn   | Place    | Note
-------+----------+-------------------------------------------
     0 | D:1      | lessens the Vine Stalker Brigand began the quest for the
                  | Orb.
     0 | D:1      | Reached XP level 1. HP: 11/11 MP: 2/2
    22 | D:1      | Found a faded altar of an unknown god.
   249 | D:1      | Reached skill level 2 in Short Blades
   475 | D:1      | Reached XP level 2. HP: 15/15 MP: 3/3
   775 | D:1      | Reached skill level 3 in Short Blades
   780 | D:1      | Reached XP level 3. HP: 18/18 MP: 4/4
  1341 | D:2      | Gained mutation: Your natural rate of healing is unusually
                  | fast. [Vine Stalker growth]
  1341 | D:2      | Reached XP level 4. HP: 13/23 MP: 5/5
  1355 | D:2      | Reached skill level 4 in Short Blades
  1360 | D:2      | You fall into a shaft and drop 2 floors!
  1446 | D:4      | Noticed a scorpion
  1458 | D:4      | Killed a scorpion
  1459 | D:4      | Reached XP level 5. HP: 10/26 MP: 2/6
  1912 | D:3      | Noticed Ijyb
  1913 | D:3      | Reached skill level 5 in Short Blades
  1928 | D:3      | Killed Ijyb
  1997 | D:3      | Reached XP level 6. HP: 22/30 MP: 7/7
  2256 | D:3      | Found a sacrificial altar of Ru.
  2722 | D:4      | Found a transporter.
  2776 | D:4      | Mangled by an ogre

Illustrated notes

Levels and vault maps discovered:
D:1:      minmay_arrival_five_plusses, layout_loops_corners,
          hellmonk_ecumenical_altar_crossroads
D:2:      layout_basic, minmay_octomino_e4
D:3:      layout_loops_ring, mainiacjoe_overflow_cross_hatched,
          serial_park_tiny_1, kennysheep_path_1, uniq_ijyb
D:4:      layout_basic, lightli_temple_of_fire, gammafunk_ghost_abyssal_escape,
          nicolae_shop_vocational

Skill      XL: |  1  2  3  4  5 |
---------------+----------------+-----
Short Blades   | 2 3 4 5 |  5.7
Fighting       | |  1.7
Throwing       | |  1.7
Dodging        | |  0.7
Stealth        | |  4.8

Action                     |  1- 3 |  4- 6 || total
---------------------------+-------+-------++-------
  Melee: Dagger            |    73 |   137 ||   210
         Bite              |    17 |    38 ||    55
         Punch             |       |     2 ||     2
  Throw: Dart              |       |    10 ||    10
    Use: Potion            |     2 |       ||     2
   Stab: Sleeping          |    11 |     5 ||    16
         Distracted        |     1 |     1 ||     2
 Armour: Robe              |    16 |    41 ||    57
  Dodge: Dodged            |    36 |    77 ||   113

Table legend: (Time is in decaauts)
 A = Elapsed time spent in this place.
 B = Non-inter-level travel time spent in this place.
 C = Inter-level travel time spent in this place.
 D = Time resting spent in this place.
 E = Time spent auto-exploring this place.
 F = Levels seen in this place.
 G = Mean time per level.
                   A        B        C        D        E       F      G
               +--------+--------+--------+--------+--------+-----+--------+
         Total |   2729 |   2630 |     99 |     27 |   2053 |   4 |  682.2 |
       Dungeon |   2729 |   2630 |     99 |     27 |   2053 |   4 |  682.2 |
               +--------+--------+--------+--------+--------+-----+--------+

Top non-repeatable levels by time:
     D:1: 911 daAuts
     D:3: 804 daAuts
     D:2: 682 daAuts
     D:4: 332 daAuts
